 Dungeon Crawl Stone Soup version 0.25.1-2-g60ff931df9 (webtiles) character file.

Game seed: 7963929808493540472

184570 Atelerd the Devastator (level 18, -2/110 HPs)
             Began as an Octopode Venom Mage on July 27, 2020.
             Was an Elder of Sif Muna.
             Shot with an arrow by a satyr (34 damage)
             ... on level 3 of the Shoals on July 29, 2020.
             The game lasted 02:44:34 (57420 turns).

Atelerd the Devastator (Octopode Venom Mage)       Turns: 57420, Time: 02:44:35

Health: -2/110     AC:  3    Str: 19      XL:     18   Next: 41%
Magic:  0/36       EV: 18    Int: 29      God:    Sif Muna [****..]
Gold:   1844       SH:  6    Dex: 20 (21) Spells: 2/45 levels left

rFire    . . .     SeeInvis .   H - +4 long sword (freeze)
rCold    . . .     Gourm    .   E - +0 buckler
rNeg     . . .     Faith    +   P - +2 hood of the Assassin {Detection Stab+ Stlth++}
rPois    .         Spirit   .   m - amulet of faith
rElec    .         Reflect  .   o - +6 ring of dexterity
rCorr    +         Harm     .   G - +6 ring of strength
MR       ++...                  A - ring of protection from magic (curse)
Stlth    +++++++++.             S - ring of resist corrosion
HPRegen  0.28/turn              U - +6 ring of intelligence
MPRegen  0.25/turn              X - +6 ring of strength
                                (no ring)
                                (no ring)

@: radiating poison, hasted, very quick
A: almost no armour, stealthy swim, amphibious, 8 rings, constrict 8, camouflage
1, gelatinous body 1
a: Channel Magic, Forget Spell, Divine Exegesis, Renounce Religion


You were on level 3 of the Shoals.
You worshipped Sif Muna.
Sif Muna was greatly pleased with you.
You were not hungry.

You visited 7 branches of the dungeon, and saw 31 of its levels.

You collected 2972 gold pieces.
You spent 1128 gold pieces at shops.

Inventory:

Hand Weapons
 r - the +7 hand crossbow "Qasesaysu" {elec, Str+2}
   (You found it on level 2 of the Lair of Beasts)

   It charges the ammunition it shoots with electricity; occasionally upon a
   hit, such missiles may discharge and cause terrible harm.
   It affects your strength (+2).
 F - a +3 scimitar of flaming
 H - a +4 long sword of freezing (weapon)
Armour
 C - a +1 hat
 E - a +0 buckler (worn)
 P - the +2 hood of the Assassin (worn) {Detection Stab+ Stlth++}
   (You bought it in a shop on level 1 of the Orcish Mines)

   It makes you much more stealthy.
 T - a +2 kite shield of protection
Magical Staves
 x - an uncursed staff of poison
 B - an uncursed staff of air
Jewellery
 m - an amulet of faith (around mantle)
 o - a +6 ring of dexterity (left tentacle)
 y - an uncursed amulet of the acrobat
 A - a cursed ring of protection from magic (on tentacle)
 G - a +6 ring of strength (right tentacle)
 S - a ring of resist corrosion (on tentacle)
 U - a +6 ring of intelligence (on tentacle)
 X - a +6 ring of strength (on tentacle)
Wands
 i - a wand of polymorph (25)
 l - a wand of acid (26)
 p - a wand of random effects (27)
 w - a wand of flame (41)
 K - a wand of iceblast (21)
 N - a wand of disintegration (1)
Scrolls
 c - 12 scrolls of remove curse
 e - 2 scrolls of magic mapping
 f - 2 scrolls of fear
 k - 5 scrolls of immolation
 s - 2 scrolls of enchant armour
 t - 6 scrolls of amnesia
 u - 7 scrolls of teleportation
 L - 3 scrolls of vulnerability
 M - 7 scrolls of enchant weapon
 Q - 2 scrolls of brand weapon
 R - a scroll of identify
 Y - a scroll of holy word
Potions
 a - 6 potions of flight
 d - 4 potions of might
 g - 6 potions of brilliance
 h - a potion of berserk rage
 j - 4 potions of haste
 n - 8 potions of curing
 q - a potion of resistance
 z - 4 potions of mutation
 D - 3 potions of stabbing
 J - a potion of heal wounds
 O - 2 potions of magic
 V - a potion of cancellation
Miscellaneous
 v - a tin of tremorstones (3/3)
 I - a lightning rod (4/4)
Comestibles
 b - 38 rations
 Z - 3 chunks of flesh


   Skills:
 - Level 6.0 Fighting
 - Level 3.0 Long Blades
 - Level 6.0 Dodging
 + Level 10.7 Stealth
 - Level 6.0 Shields
 + Level 14.1 Spellcasting
 - Level 16.5 Conjurations
 - Level 3.0 Charms
 - Level 7.0 Transmutations
 - Level 2.0 Fire Magic
 - Level 8.1 Ice Magic
 - Level 11.1 Air Magic
 - Level 1.0 Earth Magic
 - Level 7.0 Poison Magic
 - Level 12.0 Invocations
 - Level 3.0 Evocations


You had 2 spell levels left.
You knew the following spells:

 Your Spells              Type           Power        Failure   Level  Hunger
a - Magic Dart            Conj           ####         0%          1    None
b - Mephitic Cloud        Conj/Pois/Air  ######..     1%          3    None
c - Blink                 Tloc           N/A          3%          2    None
d - Ignite Poison         Fire/Tmut/Pois ######..     1%          3    None
e - Olgreb's Toxic Radia  Pois           ######..     1%          4    None
f - Orb of Destruction    Conj           #######...   2%          7    #####..
g - Petrify               Tmut/Erth      #####...     4%          4    None
h - Iskenderun's Battles  Conj/Chrm      ######..     1%          5    None
i - Hailstorm             Conj/Ice       #######.     1%          4    None
j - Iskenderun's Mystic   Conj/Tloc      ######..     1%          4    None
k - Freezing Cloud        Conj/Ice/Air   ######....   2%          6    ####...

Your spell library contained the following spells:

 Spells                   Type           Power        Failure   Level  Hunger
 Searing Ray              Conj           ######       0%          2    None
 Foxfire                  Conj/Fire      ####         1%          1    None
 Freeze                   Ice            ####         1%          1    None
 Infusion                 Chrm           ####         1%          1    None
 Sandblast                Erth           ####..       1%          1    None
 Sting                    Tmut/Pois      ####         1%          1    None
 Ensorcelled Hibernation  Hex/Ice        #####.       1%          2    None
 Passwall                 Tmut/Erth      #####...     1%          2    None
 Poisonous Vapours        Pois/Air       ######       1%          2    None
 Sticks to Snakes         Tmut           ######..     1%          2    None
 Corona                   Hex            ###....      2%          1    None
 Summon Small Mammal      Summ           ###.         2%          1    None
 Call Imp                 Summ           ###.....     3%          2    None
 Slow                     Hex            ###.....     3%          2    None
 Conjure Flame            Conj/Fire      ######..     1%          3    None
 Dazzling Flash           Conj/Hex       ######       1%          3    None
 Frozen Ramparts          Ice            ######       1%          3    None
 Ozocubu's Armour         Chrm/Ice       ######..     1%          3    None
 Spider Form              Tmut/Pois      ######....   1%          3    None
 Static Discharge         Conj/Air       #######.     1%          3    None
 Stone Arrow              Conj/Erth      ######       1%          3    None
 Fulminant Prism          Conj/Hex       ######....   1%          4    None
 Ice Form                 Ice/Tmut       ######..     1%          4    None
 Sticky Flame             Conj/Fire      ######..     1%          4    None
 Irradiate                Conj/Tmut      ######....   1%          5    None
 Lightning Bolt           Conj/Air       #######...   1%          5    None
 Alistair's Intoxication  Tmut/Pois      ######..     3%          5    None
 Blade Hands              Tmut           ######....   3%          5    None
 Summon Ice Beast         Ice/Summ       #####...     4%          4    None
 Bolt of Magma            Conj/Fire/Erth ######....   4%          5    None
 Confusing Touch          Hex            ###.....     8%          3    None
 Gell's Gravitas          Tloc           ###.......   8%          3    None
 Tukima's Dance           Hex            ###.....     8%          3    None
 Starburst                Conj/Fire      ######....   9%          6    ####...
 Iron Shot                Conj/Erth      ######....   10%         6    ####...
 Metabolic Englaciation   Hex/Ice        #####.....   13%         5    None
 Ozocubu's Refrigeration  Ice            ######....   13%         6    ####...
 Yara's Violent Unravell  Hex/Tmut       #####.....   16%         5    None
 Leda's Liquefaction      Hex/Erth       ###.......   21%         4    None
 Eringya's Noxious Bog    Tmut/Pois      ######....   22%         6    ####...
 Borgnjor's Vile Clutch   Necr/Erth      ###.......   50%         5    None
 Spellforged Servitor     Conj/Summ      ######....   56%         7    #####..
 Dragon Form              Tmut           ######....   75%         7    #####..
 Death Channel            Necr           ###.......   98%         6    ####...
 Shadow Creatures         Summ           N/A          98%         6    ####...
 Lehudib's Crystal Spear  Conj/Erth      ######....   99%         8    #######
 Haunt                    Necr/Summ      ###.......   100%        7    #####..
 Malign Gateway           Summ/Tloc      ###.......   100%        7    #####..
 Monstrous Menagerie      Summ           ###.......   100%        7    #####..
 Summon Greater Demon     Summ           ###.......   100%        7    #####..
 Summon Hydra             Summ           ###.......   100%        7    #####..
 Summon Horrible Things   Summ           ###.......   100%        8    #######
 Absolute Zero            Ice            ######....   100%        9    #######
 Fire Storm               Conj/Fire      ######....   100%        9    #######


Dungeon Overview and Level Annotations

Branches:
Dungeon (15/15)            Temple (1/1) D:6            Lair (6/6) D:11
 Shoals (3/4) Lair:4       Spider (3/4) Lair:2        Slime (0/5) Lair:6
    Orc (2/2) D:11            Elf (1/3) Orc:2        Vaults (0/5) D:14
 Depths: D:15

Altars:
Ashenzari
Cheibriados
Dithmenos
Elyvilon
Fedhas
Gozag
Hepliaklqana
Kikubaaqudgha
Makhleb
Nemelex Xobeh
Okawaru
Qazlal
Ru
Sif Muna
Trog
Uskayaw
Vehumet
Wu Jian
Xom
Yredelemnul
Zin
The Shining One
Beogh

Shops:
D:5 ?   D:8 *   Orc:1 *[}   Orc:2 *[!:(   Elf:1 *   Shoals:1 (*

Portals:
Abyss: Spider:1

Annotations:
D:4 exclusion: water moccasin
D:7 exclusion: 2 downstairs
D:8 exclusion: downstairs
D:11 exclusion: downstairs
D:12 exclusion: downstairs
D:13 2 runed translucent doors, exclusion: 2 downstairs
D:15 1 exclusion
Lair:4 2 transporters, Vufrucs's ghost, journeyman DrTm
Lair:5 exclusion: Rupert
Shoals:1 exclusion: downstairs
Shoals:3 Polyphemus
Spider:1 2 transporters, exclusion: 3 downstairs, DungeonDestroyer's ghost, adept GnFi
Spider:2 exclusion: 2 downstairs
Spider:3 Invisible moth


Innate Abilities, Weirdness & Mutations

You cannot wear most types of armour.
You are very stealthy in the water. (Stealth+)
You are amphibious.
You can wear up to eight rings at the same time.
You can use your tentacles to constrict eight enemies at once.
Your skin changes colour to match your surroundings (Stealth+).
Your rubbery body absorbs attacks. (AC +1, EV +1)


Message History

The satyr is poisoned.
The satyr looks even sicker.
The satyr plays a lulling melody on his pipes!
You easily resist.
Unknown command.
Casting: Olgreb's Toxic Radiance (mildly dangerous; 1% risk of failure)
Confirm with . or Enter, or press ? or * to list all spells.
You ignite the poison in your surroundings!
The satyr seems to burn from within!!
The satyr is moderately wounded.
The satyr is poisoned.
Unknown command.
Unknown command.
Casting: Ignite Poison (safe; 1% risk of failure)
Confirm with . or Enter, or press ? or * to list all spells.
You ignite the poison in your surroundings!
The satyr seems to burn from within!!
The satyr is severely wounded.
The satyr is poisoned.
The satyr unwields a +0 spear.
The satyr wields a +0 longbow.
The satyr shoots an arrow.
The arrow hits you!!
You die...

##......##..≈≈......≈≈..##..≈≈≈≈≈
#....≈.##....≈≈≈.≈≈≈.>...#..≈≈≈≈≈
....#........≈≈≈≈≈≈≈≈≈≈.....≈≈≈≈≈
≈≈.##........≈≈≈≈≈≈≈≈≈≈≈...≈≈≈≈≈≈
≈≈...........c≈≈≈≈≈≈≈≈≈...≈≈≈≈≈≈≈
≈.....≈≈≈≈≈.##..≈≈≈≈≈≈≈...≈≈≈.≈≈≈
≈.≈≈≈≈≈≈≈≈≈###...≈≈≈≈≈......≈≈≈≈≈
≈≈≈≈≈≈≈≈≈≈≈......≈≈≈≈..###..≈≈≈≈≈
≈≈≈≈≈≈≈≈≈≈......@≈≈≈≈..# #....≈≈≈
≈≈≈≈≈≈≈≈≈.≈.......≈≈≈≈.###....≈≈≈
≈≈≈≈≈≈≈≈<.......≈≈≈≈≈≈≈..÷###.≈≈≈
≈≈≈≈≈≈≈.##).###.≈≈≈.≈≈≈≈..# ..≈≈
≈≈≈≈≈≈≈###..##..≈≈≈..≈≈≈.## ...≈
≈≈≈≈≈≈≈..........≈≈..≈≈.## ^.≈≈
≈≈≈≈≈≈≈≈..>.....≈≈≈≈)≈..# ##.≈
≈≈≈≈≈≈≈≈≈.≈≈...≈≈≈≈≈≈≈..## .≈
≈≈≈≈≈≈≈≈≈≈≈≈≈..≈((≈≈≈≈≈.....


You could see a satyr (poisoned).

Vanquished Creatures
  Nikola (Spider:3)
  Rupert (Lair:5)
  Frances (Shoals:1)
  A kraken (Shoals:2)
  Donald (Shoals:2)
  A deep elf sorcerer (Elf:1)
  4 emperor scorpions
  2 entropy weavers (Spider:1)
  6 dire elephants (Lair:6)
  A deep elf demonologist (Elf:1)
  2 merfolk javelineers (Shoals:1)
  Erolcha (Orc:2)
  Josephine (D:14)
  4 merfolk impalers
  2 ogre magi (Orc:2)
  A yaktaur captain (D:14)
  2 merfolk avatars (Shoals:1)
  5 hydras
  Erica (D:8)
  4 centaur warriors
  A catoblepas (Shoals:3)
  A merfolk aquamancer (Shoals:1)
  2 tengu warriors (D:14)
  An anaconda (Lair:6)
  6 two-headed ogres
  A dancing weapon (Elf:1)
  A death yak (Shoals:3)
  2 satyrs
  A queen ant (Spider:1)
  4 deep elf knights (Elf:1)
  Nergalle (Orc:2)
  3 skeletal warriors
  2 sea snakes
  2 unseen horrors
  An orange crystal statue (D:13)
  2 deep elf archers (Elf:1)
  A lindwurm (shapeshifter) (D:15)
  2 wolf spider zombies
  Pikel (D:7)
  An orc knight (D:15)
  13 harpies (Shoals:2)
  14 orb spiders
  10 ugly things
  4 oklob plants (Lair:6)
  15 wolf spiders
  17 deep elf magi
  13 orc sorcerers
  A faun (shapeshifter) (D:13)
  20 fauns
  A salamander (shapeshifter) (Elf:1)
  6 cyclopes
  15 manticores
  4 elephants (Lair:6)
  2 moths of wrath (Spider:1)
  Maurice (D:8)
  7 merfolk sirens
  2 gargoyles
  A black mamba (Lair:3)
  3 centaur skeletons
  12 spiny frogs
  4 water nymphs
  A torpor snail (Spider:3)
  2 rime drakes (Lair:1)
  7 komodo dragons
  10 trolls
  2 yaktaurs (D:14)
  5 demonic crawlers
  2 tengu conjurers (D:12)
  5 wind drakes
  9 merfolk
  21 jumping spiders
  5 polar bears
  3 hornets
  10 blink frogs
  11 snapping turtles
  2 dream sheep (D:8)
  7 slime creatures
  A hippogriff (shapeshifter) (D:13)
  An air elemental (Elf:1)
  13 hippogriffs
  Sigmund (D:5)
  17 tarantellas
  8 wyverns
  3 basilisks
  4 wraiths (D:14)
  64 redbacks
  48 yaks
  A steam dragon (Lair:4)
  2 shadows
  Eustachio (D:5)
  3 water elementals
  16 vampire mosquitoes
  8 wargs
  Edmund (D:3)
  2 hungry ghosts
  25 soldier ants
  3 acid dragons
  17 water moccasins
  A swamp drake (D:11)
  18 orc warriors
  2 slaves (D:7)
  5 ice beasts
  A black bear (D:11)
  9 porcupines
  4 sky beasts
  A phantom (D:9)
  15 wolves
  An eye of draining (D:15)
  11 ogres
  23 centaurs
  11 crocodiles
  5 big kobolds
  15 bullfrogs
  5 scorpions
  A hornet simulacrum (D:15)
  8 killer bees (D:11)
  16 wights
  17 howler monkeys
  2 electric eels (Spider:2)
  9 crimson imps
  2 quasits
  4 bullfrog zombies
  8 hounds
  2 jellies
  A bullfrog skeleton (D:8)
  12 orc priests
  Crazy Yiuf (D:3)
  An iron imp (D:9)
  3 iguanas
  36 orc wizards
  29 worker ants
  2 hound skeletons (D:4)
  Robin (D:3)
  21 gnolls
  A howler monkey skeleton (D:7)
  12 adders
  A shadow imp (D:15)
  3 oozes
  An adder zombie (D:9)
  4 worms
  3 dart slugs
  4 leopard geckos
  89 orcs
  2 ball pythons
  10 bats
  4 giant cockroaches
  25 goblins
  17 hobgoblins
  7 jackals
  28 kobolds
  5 quokkas
  5 frilled lizards
  2 goblin skeletons (D:9)
  3 hobgoblin zombies (D:9)
  A jackal skeleton (D:5)
  2 kobold skeletons (D:9)
  A kobold zombie (D:9)
  An orc skeleton (D:9)
  An orc zombie (D:9)
  A quokka zombie (D:8)
  11 rats
  2 butterflies (Lair:4)
  3 plants
1136 creatures vanquished.

Vanquished Creatures (others)
  A merfolk impaler (Shoals:1)
  A jumping spider (Spider:2)
  A big kobold (D:7)
  A hound skeleton (D:7)
  5 kobolds (D:7)
  A jackal zombie (D:8)
  27 fungi
  15 plants
52 creatures vanquished.

Grand Total: 1188 creatures vanquished

Notes
Turn   | Place    | Note
-------+----------+-------------------------------------------
     0 | D:1      | Atelerd the Octopode Venom Mage began the quest for the
                  | Orb.
     0 | D:1      | Reached XP level 1. HP: 11/11 MP: 3/3
   354 | D:1      | Reached XP level 2. HP: 16/17 MP: 5/5
   929 | D:1      | Reached XP level 3. HP: 2/21 MP: 3/6
  1196 | D:1      | Learned a level 3 spell: Mephitic Cloud
  2092 | D:2      | Reached XP level 4. HP: 27/27 MP: 4/8
  2491 | D:2      | Found a shimmering blue altar of Sif Muna.
  2575 | D:2      | Became a worshipper of Sif Muna the Loreminder
  2721 | D:3      | Reached XP level 5. HP: 23/31 MP: 9/9
  3468 | D:3      | Reached * piety under Sif Muna
  3472 | D:3      | Noticed Robin
  3481 | D:3      | Reached skill level 1 in Invocations
  3486 | D:3      | Reached skill level 5 in Stealth
  3551 | D:3      | Killed Robin
  3892 | D:3      | Learned a level 4 spell: Olgreb's Toxic Radiance
  4288 | D:3      | Reached ** piety under Sif Muna
  4480 | D:3      | Found a runed translucent door.
  4481 | D:3      | Noticed Crazy Yiuf
  4554 | D:3      | Killed Crazy Yiuf
  4554 | D:3      | Reached XP level 6. HP: 22/36 MP: 5/11
  4699 | D:4      | Noticed Edmund
  5014 | D:3      | Killed Edmund
  5374 | D:4      | Reached XP level 7. HP: 13/41 MP: 10/13
  5662 | D:4      | Reached skill level 5 in Poison Magic
  5688 | D:4      | Learned a level 3 spell: Ignite Poison
  6320 | D:4      | Reached skill level 1 in Fire Magic
  6802 | D:4      | Found an iron altar of Okawaru.
  6824 | D:4      | Reached XP level 8. HP: 46/46 MP: 15/15
  6883 | D:5      | Entered Level 5 of the Dungeon
  6884 | D:5      | Found a shimmering altar of Xom.
  6908 | D:5      | Reached skill level 5 in Spellcasting
  7019 | D:5      | Noticed Eustachio
  7204 | D:5      | Found an ornate altar of the Wu Jian Council.
  7535 | D:5      | Killed Eustachio
  7782 | D:5      | Found a radiant altar of Vehumet.
  7826 | D:5      | Noticed Sigmund
  7832 | D:5      | Killed Sigmund
  7954 | D:5      | Found Putween's Magic Scroll Shoppe.
  7962 | D:5      | Upgraded the game from 0.25.1-1-g288607f5aa to
                  | 0.25.1-2-g60ff931df9
  8171 | D:5      | Found a glowing silver altar of Zin.
  8171 | D:5      | Found a burning altar of Makhleb.
  8172 | D:5      | Noticed a balrug
  8172 | D:5      | Noticed an angel
  8179 | D:5      | Reached XP level 9. HP: 36/51 MP: 14/18
  8384 | D:6      | Reached skill level 5 in Transmutations
  8499 | D:6      | Found a staircase to the Ecumenical Temple.
  8531 | Temple   | Entered the Ecumenical Temple
  9543 | D:6      | Reached *** piety under Sif Muna
  9680 | D:6      | Found a glowing golden altar of the Shining One.
  9902 | D:6      | Found a shadowy altar of Dithmenos.
  9908 | D:6      | Reached skill level 1 in Shields
 10078 | D:7      | Noticed Pikel
 10082 | D:7      | Killed Pikel
 10798 | D:7      | Found a hazy altar of Hepliaklqana.
 10959 | D:7      | Found a basalt altar of Yredelemnul.
 11012 | D:7      | Found a blossoming altar of Fedhas.
 11175 | D:7      | Reached XP level 10. HP: 56/56 MP: 12/22
 11437 | D:8      | Found an opulent altar of Gozag.
 11437 | D:8      | Noticed Maurice
 11588 | D:8      | Found a glowing silver altar of Zin.
 11589 | D:8      | Noticed Erica
 11596 | D:8      | Killed Erica
 11766 | D:8      | Found a sparkling altar of Nemelex Xobeh.
 11885 | D:8      | Reached **** piety under Sif Muna
 11912 | D:8      | Killed Maurice
 11912 | D:8      | Reached skill level 1 in Conjurations
 12077 | D:8      | Reached skill level 1 in Fighting
 12139 | D:8      | Found Gale Geh's General Store.
 12442 | D:8      | Reached skill level 2 in Conjurations
 12680 | D:8      | Noticed a three-headed hydra
 12697 | D:8      | Killed a two-headed hydra
 12697 | D:8      | Reached skill level 10 in Spellcasting
 12697 | D:8      | Reached skill level 3 in Conjurations
 13226 | D:8      | Reached XP level 11. HP: 31/67 MP: 17/25
 13454 | D:8      | Reached ***** piety under Sif Muna
 13627 | D:9      | Identified Toxuuq's Disquisition on Poison (Sif Muna gifted
                  | it to you on level 9 of the Dungeon)
 13627 | D:9      | Received a gift from Sif Muna
 13627 | D:9      | Identified the cursed +1 robe of the Chupacabra {rC-
                  | Int+10}
 13815 | D:9      | Learned a level 4 spell: Iskenderun's Mystic Blast
 13821 | D:9      | Learned a level 5 spell: Alistair's Intoxication
 14912 | D:9      | Found a glowing golden altar of the Shining One.
 15312 | D:10     | Entered Level 10 of the Dungeon
 15854 | D:10     | Found a snail-covered altar of Cheibriados.
 16438 | D:11     | Identified Sif Muna's Handbook of Moulding and the
                  | Mountains (Sif Muna gifted it to you on level 11 of the
                  | Dungeon)
 16438 | D:11     | Received a gift from Sif Muna
 16439 | D:11     | Noticed a manticore
 16455 | D:11     | Killed a manticore
 16673 | D:11     | Learned a level 4 spell: Petrify
 16704 | D:11     | Found a staircase to the Lair.
 16905 | D:11     | Noticed a manticore
 16912 | D:11     | Killed a manticore
 16912 | D:11     | Reached skill level 1 in Earth Magic
 16970 | D:11     | Noticed an eight-headed hydra
 17078 | D:11     | Learned a level 5 spell: Iskenderun's Battlesphere
 17328 | D:11     | Reached XP level 12. HP: 72/74 MP: 20/28
 17371 | D:11     | Reached skill level 1 in Charms
 17492 | D:11     | Killed an eight-headed hydra
 17492 | D:11     | Reached skill level 4 in Conjurations
 17492 | D:11     | Reached skill level 5 in Invocations
 17841 | D:11     | Found a staircase to the Orcish Mines.
 17895 | D:11     | Reached skill level 5 in Conjurations
 18144 | D:11     | Noticed a two-headed ogre
 18164 | D:11     | Killed a two-headed ogre
 18384 | Lair:1   | Entered Level 1 of the Lair of Beasts
 18610 | Lair:1   | Found a sacrificial altar of Ru.
 18795 | Lair:1   | Identified Sif Muna's Almanac of Earth and Shape Shifting
                  | (Sif Muna gifted it to you on level 1 of the Lair of
                  | Beasts)
 18795 | Lair:1   | Received a gift from Sif Muna
 19699 | Lair:2   | Got a transparent hand crossbow
 19700 | Lair:2   | Identified the +7 hand crossbow "Qasesaysu" {elec, Str+2}
                  | (You found it on level 2 of the Lair of Beasts)
 19976 | Lair:2   | Reached skill level 6 in Conjurations
 20003 | Lair:2   | Reached skill level 7 in Conjurations
 20409 | Lair:2   | Found a hole to the Spider Nest.
 20827 | Lair:3   | Reached skill level 8 in Conjurations
 20877 | Lair:3   | Learned a level 1 spell: Magic Dart
 21270 | Lair:3   | Reached XP level 13. HP: 79/79 MP: 13/29
 21465 | Lair:3   | Reached skill level 9 in Conjurations
 22435 | Lair:4   | Found a transporter.
 22445 | Lair:4   | Noticed Vufrucs's ghost (journeyman DrTm)
 22461 | Lair:4   | Found a transporter.
 22653 | Lair:4   | Reached skill level 10 in Conjurations
 23335 | Lair:4   | Found a staircase to the Shoals.
 23987 | Lair:5   | Learned a level 2 spell: Blink
 24327 | Lair:5   | Reached skill level 11 in Conjurations
 24528 | Lair:5   | Noticed Rupert
 24727 | Orc:1    | Entered Level 1 of the Orcish Mines
 24920 | Orc:1    | Found Qatoc's Gadget Boutique.
 25083 | Orc:1    | Found Obet Eme's General Store.
 25151 | Orc:1    | Bought a scroll of random uselessness for 12 gold pieces
 25151 | Orc:1    | Bought a scroll of identify for 24 gold pieces
 25151 | Orc:1    | Bought a potion of curing for 36 gold pieces
 25279 | Orc:2    | Entered Level 2 of the Orcish Mines
 25594 | Orc:2    | Reached skill level 12 in Conjurations
 25759 | Orc:2    | Found a staircase to the Elven Halls.
 25787 | Orc:2    | Identified Jaow's Catalogue of Augmentations and the
                  | Arsonist (Sif Muna gifted it to you on level 2 of the
                  | Orcish Mines)
 25787 | Orc:2    | Received a gift from Sif Muna
 25903 | Orc:2    | Found Jofas's General Store.
 26032 | Orc:2    | Bought a potion of haste for 100 gold pieces
 26177 | Orc:2    | Found Yhiogirgh's Antique Weapon Emporium.
 26177 | Orc:2    | Noticed an ogre mage
 26180 | Orc:2    | Killed an ogre mage
 26518 | Orc:2    | Found Wuem's Antique Armour Shoppe.
 26578 | Orc:2    | Found an ancient bone altar of Kikubaaqudgha.
 26578 | Orc:2    | Noticed Nergalle
 26583 | Orc:2    | Killed Nergalle
 26713 | Orc:2    | Found Gyju Lunn's Distillery.
 26765 | Orc:2    | Paralysed by an orc sorcerer for 4 turns
 26766 | Orc:2    | Noticed Erolcha
 26773 | Orc:2    | Killed Erolcha
 26773 | Orc:2    | Reached skill level 13 in Conjurations
 26775 | Orc:2    | Found a radiant altar of Vehumet.
 27366 | Orc:2    | Reached XP level 14. HP: 85/85 MP: 18/30
 27474 | Orc:2    | Found a roughly hewn altar of Beogh.
 27477 | Orc:2    | Found Laragato's Book Shoppe.
 27606 | Orc:1    | Found Odycoaba's Armour Shop.
 27614 | Orc:1    | Identified Sif Muna's Catalogue of Shape Shifting and
                  | Conjuration (Sif Muna gifted it to you on level 1 of the
                  | Orcish Mines)
 27614 | Orc:1    | Received a gift from Sif Muna
 27787 | Orc:1    | Bought the +2 hood of the Assassin {Detection Stab+
                  | Stlth++} for 840 gold pieces
 27787 | Orc:1    | Found the +2 hood of the Assassin {Detection Stab+ Stlth++}
 27837 | Orc:1    | Learned a level 7 spell: Orb of Destruction
 28450 | Lair:5   | Killed Rupert
 28450 | Lair:5   | Reached skill level 1 in Long Blades
 28450 | Lair:5   | Reached skill level 14 in Conjurations
 28450 | Lair:5   | Reached skill level 1 in Air Magic
 28612 | Lair:6   | Entered Level 6 of the Lair of Beasts
 29771 | Lair:6   | Found a staircase to the Slime Pits.
 32475 | Lair:6   | Noticed a dire elephant
 32583 | Lair:6   | Killed a dire elephant
 32735 | Lair:6   | Noticed a dire elephant
 32742 | Lair:6   | Killed a dire elephant
 32904 | Lair:6   | Noticed a dire elephant
 32904 | Lair:6   | Noticed a dire elephant
 32918 | Lair:6   | Killed a dire elephant
 32918 | Lair:6   | Killed a dire elephant
 33311 | Lair:6   | Noticed a dire elephant
 33355 | Lair:6   | Killed a dire elephant
 33784 | Lair:6   | Noticed a dire elephant
 33800 | Lair:6   | Killed a dire elephant
 33901 | Spider:1 | Entered Level 1 of the Spider Nest
 34280 | D:12     | Reached skill level 15 in Conjurations
 34374 | D:12     | Found a shattered altar of Ashenzari.
 35019 | D:12     | Reached XP level 15. HP: 46/90 MP: 1/31
 35353 | D:12     | Reached skill level 5 in Air Magic
 36218 | D:13     | Identified Sif Muna's Almanac of Indemnity (Sif Muna gifted
                  | it to you on level 13 of the Dungeon)
 36218 | D:13     | Received a gift from Sif Muna
 36433 | D:13     | Reached skill level 10 in Stealth
 37296 | D:13     | Found a runed translucent door.
 37305 | D:13     | Found a runed translucent door.
 37318 | D:13     | Found a runed translucent door.
 37578 | D:13     | Found a runed translucent door.
 38878 | D:14     | Reached skill level 16 in Conjurations
 39728 | D:14     | Noticed Josephine
 39735 | D:14     | Killed Josephine
 40830 | D:14     | Found a gate to the Vaults.
 41146 | D:15     | Entered Level 15 of the Dungeon
 41857 | D:15     | Learned a level 6 spell: Freezing Cloud
 42026 | D:15     | Reached XP level 16. HP: 95/95 MP: 21/33
 42038 | D:15     | Reached skill level 1 in Ice Magic
 44290 | Spider:1 | Reached skill level 5 in Shields
 44735 | Spider:1 | Identified Sif Muna's Compendium of Ice (Sif Muna gifted it
                  | to you on level 1 of the Spider Nest)
 44735 | Spider:1 | Received a gift from Sif Muna
 45015 | Spider:1 | Reached skill level 5 in Fighting
 45340 | Spider:1 | Noticed a profane servitor
 45408 | Spider:1 | Found a transporter.
 45415 | Spider:1 | Found a one-way gate to the infinite horrors of the Abyss.
 45415 | Spider:1 | Noticed DungeonDestroyer's ghost (adept GnFi)
 45428 | Spider:1 | Noticed a tentacled starspawn
 45488 | Spider:1 | Found a transporter.
 46269 | Spider:1 | Reached skill level 5 in Dodging
 47422 | Elf:1    | Entered Level 1 of the Elven Halls
 47429 | Elf:1    | Reached skill level 5 in Ice Magic
 47555 | Elf:1    | Reached XP level 17. HP: 69/105 MP: 8/34
 47752 | Elf:1    | Found Vimutad's Assorted Antiques.
 47761 | Elf:1    | Bought a potion of curing for 87 gold pieces
 47761 | Elf:1    | Bought a scroll labeled ACRINYE RIHI for 29 gold pieces
 47834 | Elf:1    | Identified the Tome of the Escort
 47908 | Elf:1    | Found a ruined gateway.
 48341 | Shoals:1 | Entered Level 1 of the Shoals
 48706 | Shoals:1 | Learned a level 4 spell: Hailstorm
 48922 | Shoals:1 | Found Yzxocek's Mass Market.
 48972 | Shoals:1 | Found Woamnokloth's Weapon Shop.
 50018 | Shoals:1 | Reached skill level 10 in Invocations
 50215 | Shoals:1 | Noticed Frances
 50222 | Shoals:1 | Killed Frances
 50604 | Shoals:2 | Identified Eleyhaum's Volume of Ghastly Ice (Sif Muna
                  | gifted it to you on level 2 of the Shoals)
 50604 | Shoals:2 | Received a gift from Sif Muna
 50776 | Shoals:2 | Noticed Donald
 50784 | Shoals:2 | Killed Donald
 51779 | Shoals:2 | Noticed a kraken
 51791 | Shoals:2 | Killed a kraken
 54705 | Spider:2 | Reached XP level 18. HP: 110/110 MP: 35/35
 55280 | Spider:3 | Noticed Nikola
 55283 | Spider:3 | Reached skill level 10 in Air Magic
 55283 | Spider:3 | Identified Sif Muna's Almanac of Bewitching Feathers (Sif
                  | Muna gifted it to you on level 3 of the Spider Nest)
 55283 | Spider:3 | Received a gift from Sif Muna
 56502 | Spider:3 | Killed Nikola
 56502 | Spider:3 | Reached skill level 1 in Evocations
 57391 | Shoals:3 | Noticed Polyphemus
 57420 | Shoals:3 | Shot with an arrow by a satyr

Illustrated notes

Levels and vault maps discovered:
D:1:      scummos_arrival_star, layout_basic
D:2:      layout_basic, led_sif_pool, first_ration
D:3:      layout_basic, minmay_misc_feat_x, minmay_checkerbox, uniq_robin,
          uniq_crazy_yiuf_cottage
D:4:      layout_basic, okawaru_ov_weapons_minmay, uniq_edmund
D:5:      layout_loops_ring, grunt_temple_overflow_order_and_chaos_2,
          old_standard_altar, nicolae_overflow_crystal_walls,
          xom_confusion_cloud, serial_shops, shop, kennysheep_generic_room_12,
          uniq_sigmund, uniq_eustachio
D:6:      layout_basic, nicolae_dithmenos_the_darkroom, lemuel_doored_altar,
          minmay_temple_entry_large_hall, minmay_misc_feat_iff
D:7:      layout_loops_corners, lemuel_coloured_pillars_altar,
          lemuel_crystal_altar, old_standard_altar, uniq_pikel
D:8:      corexii_shantytown, layout_loops_ring, lemuel_crystal_altar,
          nemelex_xobeh_ov_fountains_minmay, serial_shops,
          nicolae_shop_statue_plus, basic_altar, hangedman_ranch
          [blue_anna_fruit_fields], uniq_erica, uniq_maurice
D:9:      layout_cross, nicolae_tso_besieged_by_evil
D:10:     layout_layer_cave, cheibriados_altar_1
D:11:     layout_basic, due_lair_maze_entry_diamond, erik_orc_1, eino_jars
D:12:     layout_irregular_city, ashenzari_altar_1
D:13:     layout_cave_pools, minmay_fountain_box, minmay_statue_crystal_thing
D:14:     layout_basic, david_vaults_2, wad_rectangle_vault, uniq_josephine
D:15:     grunt_enter_depths_hoard, layout_irregular_city,
          chequers_serial_rivers_small_a, st_stairs_13
Temple:   jpeg_temple_island
Lair:1:   layout_regular_city, basic_altar, chequers_serial_rivers_small_3
Lair:2:   layout_hall_layers, nicolae_spider_entry_orb_guardian
Lair:3:   layout_chaotic_city
Lair:4:   layout_roguey, elwin_shoals_entry_rocks,
          gammafunk_ghost_berserking_beasts, lemuel_fruit_fields
Lair:5:   layout_gridlike, beast_lair_carwin_6, uniq_rupert
Lair:6:   due_jungle_book, layout_concentric_octagons,
          minmay_slime_entry_oklob_open, grunt_megastairs_3,
          infiniplex_staircase_pool_2
Shoals:1: layout_shoals, serial_shops, nicolae_shop_waterfront,
          minmay_shop_mass, nicolae_shoals_mertower, uniq_frances
Shoals:2: cheibrodos_shoals_roost, layout_shoals,
          nicolae_shoals_kraken_intersection, uniq_donald
Shoals:3: layout_shoals, nicolae_shoals_this_corrosion, uniq_polyphemus
Spider:1: layout_spider_delve, gammafunk_ghost_abyssal_escape, minivault_29
Spider:2: layout_spider_delve
Spider:3: layout_spider_delve, uniq_asterion, uniq_nikola
Orc:1:    layout_caves, serial_shops, nicolae_shop_crystal,
          nicolae_shop_statue_plus, nicolae_shop_stone
Orc:2:    kennysheep_orc_mage_school, layout_caves, serial_shops, shop,
          mines5_lemuel
Elf:1:    minmay_elf_arrival_summoners, layout_rooms, serial_shops, shop,
          portal_desolation_entry_twin_temple, minmay_elf_demonology,
          solitary_fountain, hangedman_elf_power_crystal,
          nicolae_elf_big_sculpture_2, minivault_4

Skill      XL: |  1  2  3  4  5  6  7  8  9 10 11 12 13 14 15 16 17 18 |
---------------+-------------------------------------------------------+-----
Stealth        | 3 4 5 8 10 | 10.7
Poison Magic   | 4 5 6 7 |  7.0
Spellcasting   | 3 4 6 8 10 12 13 14 | 14.1
Transmutations | 2 3 4 6 7 |  7.0
Invocations    | 2 3 4 8 9 11 12 | 12.0
Fire Magic     | 1 2 |  2.0
Shields        | 3 4 6 |  6.0
Conjurations   | 3 8 13 15 16 | 16.5
Fighting       | 3 4 5 6 |  6.0
Earth Magic    | 1 |  1.0
Charms         | 3 |  3.0
Long Blades    | 3 |  3.0
Air Magic      | 4 5 6 9 11 | 11.1
Ice Magic      | 5 8 |  8.1
Dodging        | 6 |  6.0
Evocations     | 3 |  3.0

Action                   |  1- 3 |  4- 6 |  7- 9 | 10-12 | 13-15 | 16-18 || total
-------------------------+-------+-------+-------+-------+-------+-------++-------
Melee: Unarmed           |    30 |       |       |       |       |       ||    30
       Constrict         |    16 |    18 |    35 |    80 |    33 |    20 ||   202
       Tentacles         |     7 |    13 |    35 |    69 |    58 |    29 ||   211
       Dagger            |    34 |    42 |       |       |       |       ||    76
       Short sword       |       |    46 |   184 |     8 |       |       ||   238
       Long sword        |       |     2 |       |   252 |   178 |    67 ||   499
       Scimitar          |       |       |       |    11 |       |       ||    11
 Cast: Sting             |    32 |    67 |    49 |    17 |     1 |       ||   166
       Mephitic Cloud    |       |       |    20 |    44 |    64 |    16 ||   144
       Ignite Poison     |       |       |    12 |    77 |   162 |   222 ||   473
       Olgreb's Toxic Ra |       |       |     7 |    71 |   158 |   242 ||   478
       Petrify           |       |       |       |    17 |    42 |    13 ||    72
       Magic Dart        |       |       |       |     4 |   281 |    71 ||   356
       Iskenderun's Batt |       |       |       |     1 |    79 |    27 ||   107
       Iskenderun's Myst |       |       |       |       |   105 |    90 ||   195
       Blink             |       |       |       |       |    15 |    13 ||    28
       Alistair's Intoxi |       |       |       |       |     1 |       ||     1
       Orb of Destructio |       |       |       |       |    11 |    14 ||    25
       Freezing Cloud    |       |       |       |       |       |    16 ||    16
       Hailstorm         |       |       |       |       |       |     8 ||     8
Invok: Channel Magic     |       |       |       |     4 |    20 |    30 ||    54
       Forget Spell      |       |       |       |       |     1 |       ||     1
Evoke: Wand              |       |     4 |     2 |    13 |     1 |     2 ||    22
       Lightning rod     |       |       |       |       |       |     1 ||     1
  Use: Potion            |       |     2 |     4 |     3 |     6 |     8 ||    23
       Scroll            |       |       |     6 |     7 |    12 |    11 ||    36
 Stab: Sleeping          |     8 |    11 |    11 |    15 |    25 |    20 ||    90
       Confused          |       |       |     3 |     2 |     1 |     1 ||     7
       Distracted        |       |       |     1 |     2 |     1 |       ||     4
       Petrified         |       |       |       |    30 |    20 |    13 ||    63
       Petrifying        |       |       |       |       |     1 |       ||     1
       Held in net/web   |       |       |       |       |       |     1 ||     1
  Eat: Chunk             |     4 |     8 |    15 |    27 |    62 |    41 ||   157
       Ration            |       |       |     2 |     2 |     7 |     7 ||    18
Armor: Skin              |     9 |     4 |    26 |    16 |    16 |    15 ||    86
Dodge: Dodged            |    73 |    88 |   129 |   176 |   132 |   152 ||   750
Block: Buckler           |       |       |       |    82 |    90 |    80 ||   252
       Rpst.: Long sword |       |       |       |    46 |    28 |    26 ||   100
       Scimitar          |       |       |       |     2 |       |       ||     2
